 Dungeon Crawl Stone Soup version 0.18.1-50-g88ac8fd (webtiles) character file.

159 Hawkwind the Covered (level 5, -3/33 HPs)
             Began as a Gargoyle Fighter on May 25, 2019.
             Slain by a giant frog (5 damage)
             ... on level 6 of the Dungeon.
             The game lasted 00:06:46 (893 turns).

Hawkwind the Covered (Gargoyle Fighter)              Turns: 893, Time: 00:06:47

Health: -3/33      AC: 12    Str: 21      XL:     5   Next: 40%
Magic:  5/5        EV:  8    Int:  8      God:
Gold:   46         SH:  9    Dex:  7 (9)  Spells: 0 memorised, 4 levels left

rFire  . . .     SeeInvis .     a - +1 trident
rCold  . . .     Gourm    .     b - +0 scale mail
rNeg   + . .     Faith    .     c - +0 shield
rPois  ∞         Spirit   .     (no helmet)
rElec  +         Dismiss  .     (no cloak)
rCorr  .         Reflect  .     (no gloves)
SustAt .         Harm     .     k - +0 pair of boots
MR     .....                    n - amulet of regeneration
Stlth  ..........               (no ring)
                                (no ring)

@: not resistant to hostile enchantments, extremely unstealthy
A: negative energy resistance 1, electricity resistance, unbreathing,
petrification resistance, rot immunity, AC +4
a: no special abilities


You were on level 6 of the Dungeon.
You were not hungry.

You visited 1 branch of the dungeon, and saw 6 of its levels.

You collected 46 gold pieces.

Inventory:

Hand Weapons
 a - a +1 trident (weapon)
Armour
 b - a +0 scale mail (worn)
 c - a +0 shield (worn)
 k - a +0 pair of boots (worn)
Jewellery
 n - an amulet of regeneration (around neck)
Scrolls
 h - a scroll of identify {unknown}
 i - 2 scrolls of remove curse
 l - a scroll of enchant weapon
Potions
 e - a potion of curing {unknown}
 g - a potion of agility {unknown}
 j - a potion of heal wounds {unknown}
Comestibles
 d - a slice of pizza
 f - 3 bread rations


   Skills:
 + Level 4.0 Fighting
 + Level 2.4 Polearms
 + Level 4.2 Armour
 + Level 1.9 Dodging
 + Level 4.0 Shields


You had 4 spell levels left.
You didn't know any spells.

Dungeon Overview and Level Annotations

Branches:
Dungeon (6/15)
 Temple: D:4-7

Altars:
Xom

Annotations:
D:4 Menkaure


Innate Abilities, Weirdness & Mutations

You are resistant to torment.
Your stone body is resilient (AC +4).
You are immune to poison.
You resist negative energy.
You are resistant to electric shocks.
You can survive without breathing.
You are immune to petrification.
You are immune to rotting.


Message History

The giant frog misses you. You block the worker ant's attack.
The giant frog hits you but does no damage.
You block the worker ant's attack. The giant frog hits you.
* * * LOW HITPOINT WARNING * * *
The worker ant bites you but does no damage.
The giant frog hits you but does no damage.
You block the giant frog's attack. The worker ant closely misses you.
The giant frog hits you but does no damage.
The worker ant bites you but does no damage.
You block the giant frog's attack. The worker ant bites you.
* * * LOW HITPOINT WARNING * * *
You block the giant frog's attack.
The giant frog hits you but does no damage.
The worker ant bites you but does no damage.
The giant frog hits you but does no damage.
The worker ant bites you but does no damage.
The giant frog hits you.
You die...

#.. #.##
### #...
....
#..##....
#........
#......
###.a.#
#..@F.#
#.#..(#
.. ...(#
...
.#.#...
...
#.#.#.#..
.. #
#..$#.##
. ... . #
#.# #


You could see a giant frog and a worker ant.

Vanquished Creatures
  A scorpion (D:4)
  A quasit (D:4)
  A worker ant (D:4)
  An ooze (D:3)
  An adder skeleton (D:4)
  A dart slug (D:4)
  2 orcs (D:4)
  A ball python (D:3)
  3 giant cockroaches (D:1)
  4 goblins
  7 hobgoblins
  3 jackals (D:2)
  2 kobolds (D:1)
  2 quokkas
  A bat (D:1)
  2 giant newts
  11 rats
44 creatures vanquished.

Notes
Turn   | Place    | Note
--------------------------------------------------------------
     0 | D:1      | Hawkwind the Gargoyle Fighter began the quest for the Orb.
     0 | D:1      | Reached XP level 1. HP: 14/14 MP: 1/1
    88 | D:1      | Reached XP level 2. HP: 19/19 MP: 2/2
   344 | D:1      | Reached XP level 3. HP: 23/23 MP: 3/3
   407 | D:2      | Found a shimmering altar of Xom.
   671 | D:4      | Reached skill level 1 in Dodging
   702 | D:4      | Reached XP level 4. HP: 16/29 MP: 4/4
   732 | D:4      | Reached XP level 5. HP: 17/33 MP: 5/5
   780 | D:4      | Noticed Menkaure
   861 | D:5      | Entered Level 5 of the Dungeon
   893 | D:6      | Slain by a giant frog

Skill      XL: |  1  2  3  4  5 |
---------------+----------------+-----
Polearms       | 2 |  2.4
Dodging        | 1 |  1.9
Armour         | 4 |  4.2
Shields        | 4 |  4.0
Fighting       | 4 |  4.0

Action                   |  1- 3 |  4- 6 || total
-------------------------+-------+-------++-------
Melee: Trident           |   143 |    13 ||   156
  Use: Potion            |     1 |       ||     1
       Scroll            |       |     4 ||     4
Armor: Scale mail        |    77 |    26 ||   103
Dodge: Dodged            |    64 |     7 ||    71
Block: Shield            |    76 |    30 ||   106
